 Dungeon Sprint DCSS version 0.15-a0-970-ga23ad50 (webtiles) character file.

99 MDvedh the Gusty (level 4, -2/24 HPs)
             Began as a Tengu Air Elementalist on May 23, 2014.
             Was a Follower of Vehumet.
             Slain by a gargoyle
             ... wielding a +0,+0 dire flail
              (11 damage)
             ... in the Dungeon (Sprint IX: "|||||||||||||||||||||||||||||").
             The game lasted 00:01:36 (409 turns).

MDvedh the Gusty (Tengu Air Elementalist)            Turns: 409, Time: 00:01:37

HP  -2/24        AC  2     Str  9      XL: 4   Next: 72%
MP   8/14        EV 15     Int 16      God: Vehumet [*.....]
Gold 0           SH  0     Dex 17      Spells:  1 memorised, 12 levels left

rFire  . . .     SeeInvis .     o - +2 cutlass (venom)
rCold  . . .     Clarity  .     a - +0 robe
rNeg   . . .     Conserve .     (no shield)
rPois  .         rCorr    .     (helmet restricted)
rElec  .         rRot     .     (no cloak)
SustAb .         Spirit   .     (no gloves)
rMut   .         Warding  .     (boots unavailable)
Gourm  .         NoTele   +     (no amulet)
MR     .....                    q - +3 ring of dexterity
                                p - +2 ring of evasion

@: very slightly contaminated, not resistant to hostile enchantments, unstealthy
A: beak, talons 3
a: Renounce Religion


You were in the Dungeon.
You worshipped Vehumet.
Vehumet was aware of your devotion.
You were not hungry.

You visited 1 branch

Inventory:

Hand weapons
 j - a +0,+0 whip
 o - a +2,+2 cutlass of venom (weapon)
Armour
 a - a +0 robe (worn)
Magical devices
 m - a wand of cold (7)
Comestibles
 c - a bread ration
Scrolls
 i - 2 scrolls of blinking
 k - 3 scrolls of remove curse
 l - 2 scrolls of amnesia
Jewellery
 p - a +2 ring of evasion (left hand)
 q - a +3 ring of dexterity (right hand)
Potions
 d - 5 potions of curing
 e - 3 potions of heal wounds
 f - a potion of haste
 g - 4 potions of magic
 h - a potion of invisibility
Books
 b - a book of Air

   Spells                             Type                      Level
   *Shock                             Conjuration/Air              1
   Swiftness                          Charms/Air                   2
   Repel Missiles                     Charms/Air                   2
   Flight                             Charms/Air                   3
   Static Discharge                   Conjuration/Air              3
   Lightning Bolt                     Conjuration/Air              5
Magical staves
 n - an uncursed staff of energy


   Skills:
 - Level 2.1 Dodging
 - Level 2.0 Stealth
 + Level 5.0 Spellcasting
 + Level 6.7 Conjurations
 + Level 7.8 Air Magic


You had 12 spell levels left.
You knew the following spells:

 Your Spells              Type           Power        Failure   Level  Hunger
a - Shock                 Conj/Air       ####         1%          1    None


Dungeon Overview and Level Annotations

Branches:
Dungeon (1/1)

Altars:
Cheibriados
Dithmenos
Elyvilon
Fedhas
Gozag
Kikubaaqudgha
Makhleb
Nemelex Xobeh
Okawaru
Qazlal
Sif Muna
Trog
Vehumet
Xom
Yredelemnul
Zin
The Shining One
Beogh
Jiyva
Lugonu


Innate Abilities, Weirdness & Mutations

You have a beak for a mouth.
You have claws for feet.


Message History

Confirm with . or Enter, or press ? or * to list all spells.
Aiming: Shock
Press: ? - help, Shift-Dir - straight line, f/p - gargoyle
Aim: a gargoyle, wielding a dire flail (lightly damaged)
The zap hits the gargoyle.
The gargoyle appears unharmed.
The gargoyle is lightly damaged.
The gargoyle hurls a stone arrow at you.
The stone arrow hits you!
Ouch! That really hurt!
Unknown command.
Casting: Shock
Confirm with . or Enter, or press ? or * to list all spells.
Aiming: Shock
Press: ? - help, Shift-Dir - straight line, f/p - gargoyle
Aim: a gargoyle, wielding a dire flail (lightly damaged)
You miscast Shock.
You are very lightly contaminated with residual magic.
Nothing appears to happen.
The gargoyle hits you with a dire flail!
You die... ▓▓▓▓▓▓▓▓▓▓▓▓▓▓▓▓▓▓▓▓▓▓▓▓▓ +)..%.{9@.[[[)...'_______ ▓▓▓▓▓▓▓▓▓▓▓▓▓▓▓▓▓▓▓▓▓▓▓▓▓

You could see a gargoyle.

Vanquished Creatures
  An ogre (D)
  An adder (D)
  An orc (D)
  A giant cockroach (D)
  2 hobgoblins (D)
  A jackal (D)
  A kobold (D)
  A goblin zombie (D)
  5 rats (D)
14 creatures vanquished.

Notes
Turn   | Place    | Note
--------------------------------------------------------------
     0 | D        | MDvedh, the Tengu Air Elementalist, began the quest for the Orb.
     0 | D        | Reached XP level 1. HP: 10/10 MP: 3/3
   255 | D        | Noticed an ogre
   258 | D        | Reached XP level 2. HP: 15/15 MP: 2/6
   258 | D        | Reached skill level 5 in Air Magic
   262 | D        | Killed an ogre
   262 | D        | Reached skill level 6 in Conjurations
   262 | D        | Reached skill level 7 in Air Magic
   262 | D        | Reached XP level 3. HP: 19/19 MP: 0/11
   262 | D        | Reached XP level 4. HP: 24/24 MP: 0/13
   264 | D        | Reached skill level 5 in Spellcasting
   354 | D        | Found a glowing silver altar of Zin.
   354 | D        | Found a glowing golden altar of the Shining One.
   354 | D        | Found an ancient bone altar of Kikubaaqudgha.
   354 | D        | Found a basalt altar of Yredelemnul.
   354 | D        | Found a shimmering altar of Xom.
   354 | D        | Found a radiant altar of Vehumet.
   354 | D        | Found an iron altar of Okawaru.
   355 | D        | Found a burning altar of Makhleb.
   356 | D        | Found a deep blue altar of Sif Muna.
   357 | D        | Found a bloodstained altar of Trog.
   358 | D        | Found a sparkling altar of Nemelex Xobeh.
   359 | D        | Found a white marble altar of Elyvilon.
   362 | D        | Found a roughly hewn altar of Beogh.
   363 | D        | Found a viscous altar of Jiyva.
   364 | D        | Became a worshipper of Vehumet
   365 | D        | Found a corrupted altar of Lugonu.
   366 | D        | Found a blossoming altar of Fedhas.
   367 | D        | Found a snail-covered altar of Cheibriados.
   368 | D        | Found a shadowy altar of Dithmenos.
   369 | D        | Found a stormy altar of Qazlal.
   370 | D        | Found an opulent altar of Gozag.
   400 | D        | Noticed a sky beast
   400 | D        | Noticed a gargoyle
   403 | D        | Acquired Vehumet's first power
   403 | D        | Offered knowledge of Flame Tongue by Vehumet.
   409 | D        | Slain by a gargoyle

Action                   |  1- 3 |  4- 6 || total
-------------------------+-------+-------++-------
Melee: Unarmed           |    11 |       ||    11
       Whip              |     1 |     2 ||     3
       Cutlass           |       |     2 ||     2
 Cast: Shock             |     6 |     6 ||    12
  Use: Potion            |     1 |       ||     1
